 Dungeon Crawl Stone Soup version 0.15.0-14-g6bbbb5c (console) character file.

2009 gw the Cleaver (level 9, -2/82 HPs)
             Began as a Deep Dwarf Fighter on Sept 4, 2014.
             Succumbed to a killer bee's poison
             ... on Level 4 of the Dungeon.
             The game lasted 00:08:07 (8082 turns).

gw the Cleaver (Deep Dwarf Fighter)                 Turns: 8082, Time: 00:08:07

HP  -2/82        AC 19     Str 18 (21) XL: 9   Next:  2%
MP   4/4         EV  5     Int  8      God:
Gold 0           SH  0     Dex 15      Spells:  0 memorised,  8 levels left

rFire  . . .     SeeInvis .     a - +3 war axe
rCold  . . .     Clarity  .     l - +0 plate armour
rNeg   . . .     rCorr    .     (no shield)
rPois  .         rRot     .     (no helmet)
rElec  .         Spirit   .     r - +0 cloak
SustAb .         Warding  .     p - +0 pair of gloves
rMut   .         Stasis   .     w - +0 pair of boots
Gourm  .                        (no amulet)
MR     +....                    (no ring)
                                (no ring)

@: lethally poisoned, non-regenerating, somewhat resistant to hostile
enchantments, extremely unstealthy
A: damage resistance, recharge devices, yellow scales 1, sense surroundings 2,
slow healing 3
a: Device Recharging


You were on level 4 of the Dungeon.
You were not hungry.

You visited 1 branch of the dungeon, and saw 8 of its levels.

Inventory:

Hand weapons
 a - a +3 war axe (weapon)
Missiles
 e - 3 steel javelins (quivered)
 h - 223 stones
Armour
 l - a +0 plate armour (worn)
 p - a +0 pair of gloves (worn)
 r - a +0 cloak (worn)
 w - a +0 pair of boots (worn)
Magical devices
 d - a wand of heal wounds (0)
 i - a wand of random effects (8)
 s - a wand of teleportation (0)
Comestibles
 f - 4 bread rations
 g - 4 beef jerkies
 j - a royal jelly
 k - a slice of pizza
 q - 2 fruits
 t - a meat ration
Scrolls
 m - 3 scrolls of remove curse
 n - 3 scrolls of identify
 u - a scroll of enchant armour
Potions
 b - a potion of invisibility
 c - a potion of lignification
 o - 2 potions of curing
 v - a potion of beneficial mutation


   Skills:
 + Level 5.7 Fighting
 * Level 8.2 Axes
 + Level 4.4 Throwing
 + Level 6.8 Armour
   Level 3.2 Shields


You had 8 spell levels left.
You didn't know any spells.

Dungeon Overview and Level Annotations

Branches:
Dungeon (8/15)             Temple (0/1) D:5
   Lair: D:8-11

Altars:
Dithmenos
Fedhas
The Shining One

Annotations:
D:3 exclusion: downstairs


Innate Abilities, Weirdness & Mutations

You are resistant to damage.
You can recharge devices by infusing magical energy.
You passively map the area around you.
You do not heal naturally.
You are partially covered in yellow scales (AC +2).


Message History

The killer bee barely misses you. The killer bee stings you.
You are more poisoned.
The killer bee poisons you!
MOVING TO (0,7)
The killer bee stings you but does no damage.
The killer bee stings you.
You are more poisoned.
The killer bee poisons you!
MOVING TO (0,6)
You feel sick. The killer bee stings you!
The killer bee stings you but does no damage.
MOVING TO (0,5)
You feel sick. The kobold skeleton barely misses you.
The killer bee stings you.
You are lethally poisoned!
The killer bee poisons you!
MOVING TO (0,4)
You feel sick.
The killer bee stings you but does no damage.
MOVING TO (0,3)
You die...

...........#
##...........##
..........## ###
#...........#
#.........# ##.##
##..........#
##.......##
##...##
##........##
####....##
#.....#
##.......#
###...###.....#
##......#
#.....##..Zy.#
###...##
##....)##.....#
##..##
##.#.....#...g##
##..#
##..##.........#
#..##
##..####........#
##..# ##..##
##.......# #..##
....# ##.....##
##..# ###.##
#.....# #... #..#
##....## ##..
##.## ##....##
#.. #..# ##....#
##.


You could see a killer bee and a kobold skeleton.

Table legend:
 A = Turns spent in this place as a percentage of turns spent in the entire game.
 B = Non-inter-level travel turns spent in this place as a percentage of non-inter-level travel turns spent in the entire game.
 C = Inter-level travel turns spent in this place as a percentage of turns spent in this place.
 D = Turns resting spent in this place as a percentage of non-inter-level travel turns spent in this place.
 E = Turns spent auto-exploring this place as a percentage of non-inter-level travel turns spent in this place.
 F = Non-inter-level travel turns spent in this place divided by the number of levels of this place that you've seen.
                   A       B       C       D       E      F
               +-------+-------+-------+-------+-------+----------------------
         Total | 100.0 | 100.0 |   3.0 |   0.1 |  11.3 | 378.8
       Dungeon | 100.0 | 100.0 |   3.0 |   0.1 |  11.3 | 378.8
               +-------+-------+-------+-------+-------+----------------------

Table legend:
 A = Kills in this place as a percentage of kills in entire the game.
 B = Kills by you in this place as a percentage of kills by you in the entire game.
 C = Kills by friends in this place as a percentage of kills by friends in the entire game.
 D = Other kills in this place as a percentage of other kills in the entire game.
 E = Experience gained in this place as a percentage of experience gained in the entire game.
 F = Experience gained in this place divided by the number of levels of this place that you have seen.
                   A       B       C       D       E      F
               +-------+-------+-------+-------+-------+----------------------
         Total | 100.0 | 100.0 |  -nan | 100.0 | 100.0 | 358.8
       Dungeon | 100.0 | 100.0 |  -nan | 100.0 | 100.0 | 358.8
               +-------+-------+-------+-------+-------+----------------------

Vanquished Creatures
  The ghost of gw the Insei, an average DsMo (D:4)
  2 sky beasts
  The ghost of gw the Pure, an average DsAK of Lugonu (D:3)
  A necrophage (D:5)
  2 centaurs (D:8)
  A gnoll sergeant (D:2)
  A giant frog (D:8)
  A water moccasin skeleton (D:4)
  A scorpion (D:6)
  2 killer bees (D:6)
  5 wights (D:8)
  2 crimson imps
  2 hounds (D:4)
  A gnoll shaman (D:6)
  Crazy Yiuf (D:3)
  A black bear zombie (D:8)
  An orc priest (D:5)
  An orc wizard (D:5)
  Natasha (thrice) (D:4)
  2 iguanas
  5 worker ants
  Ijyb (D:4)
  A worker ant zombie (D:5)
  14 gnolls
  A worm zombie (D:5)
  5 giant mites
  4 adders
  A goliath beetle zombie (D:5)
  A shadow imp (D:5)
  4 worms
  An adder skeleton (D:4)
  An iguana skeleton (D:6)
  8 giant geckos
  9 orcs
  A ball python (D:2)
  A bat skeleton (D:4)
  2 giant cockroaches
  A giant mite zombie (D:6)
  9 goblins
  19 hobgoblins
  14 kobolds
  18 bats
  4 giant newts
  A goblin skeleton (D:4)
  2 jackals (D:3)
  A kobold zombie (D:5)
  An orc skeleton (D:5)
  10 rats
  A rat skeleton (D:6)
  A ballistomycete (D:6)
174 creatures vanquished.

Vanquished Creatures (others)
  An orc (D:6)
  A bat (D:6)
  A giant spore (D:6)
3 creatures vanquished.

Grand Total: 177 creatures vanquished

Notes
Turn   | Place    | Note
--------------------------------------------------------------
     0 | D:1      | gw, the Deep Dwarf Fighter, began the quest for the Orb.
     0 | D:1      | Reached XP level 1. HP: 20/20 MP: 1/1
   123 | D:1      | Reached XP level 2. HP: 20/27 MP: 2/2
   344 | D:1      | Reached skill level 1 in Throwing
   455 | D:1      | Reached XP level 3. HP: 24/33 MP: 3/3
  1103 | D:2      | Found a blossoming altar of Fedhas.
  1241 | D:2      | Reached XP level 4. HP: 32/42 MP: 4/4
  1730 | D:3      | Noticed gw's ghost (average DsAK)
  1779 | D:3      | Killed gw's ghost
  1779 | D:3      | Reached skill level 4 in Axes
  1779 | D:3      | Reached XP level 5. HP: 12/49 MP: 5/5
  2151 | D:3      | Found a glowing drain.
  2518 | D:4      | Reached XP level 6. HP: 39/57 MP: 6/6
  2539 | D:4      | Noticed Natasha
  2548 | D:4      | Killed Natasha
  2657 | D:3      | Reached skill level 5 in Axes
  2822 | D:4      | Noticed Ijyb
  2826 | D:4      | Killed Ijyb
  2908 | D:4      | Noticed Natasha
  2914 | D:4      | Killed Natasha
  3025 | D:4      | Noticed gw's ghost (average DsMo)
  3167 | D:5      | Entered Level 5 of the Dungeon
  3237 | D:5      | Found a shadowy altar of Dithmenos.
  3288 | D:5      | Reached XP level 7. HP: 48/64 MP: 7/7
  3588 | D:5      | Reached skill level 5 in Armour
  3753 | D:5      | Found a staircase to the Ecumenical Temple.
  4298 | D:4      | Killed gw's ghost
  4298 | D:4      | Reached skill level 6 in Axes
  4462 | D:4      | Noticed Natasha
  4465 | D:4      | Killed Natasha
  4582 | D:4      | Noticed Crazy Yiuf
  5048 | D:3      | Killed Crazy Yiuf
  5574 | D:5      | Gained mutation: You are partially covered in yellow scales (AC +2). [potion of beneficial mutation]
  5779 | D:6      | Found a glowing golden altar of the Shining One.
  5793 | D:6      | Reached XP level 8. HP: 30/73 MP: 6/6
  6728 | D:6      | Reached skill level 5 in Fighting
  7155 | D:5      | Reached skill level 7 in Axes
  7704 | D:8      | Reached skill level 8 in Axes
  7841 | D:8      | Gained mutation: You passively map the area around you. [level up]
  7841 | D:8      | Reached XP level 9. HP: 28/82 MP: 4/4
  8080 | D:4      | HP: 3/82 [killer bee (3)]
  8081 | D:4      | HP: 1/82 [poisoned by a killer bee]
  8082 | D:4      | Succumbed to a killer bee's poison

Action                   |  1- 3 |  4- 6 |  7- 9 || total
-------------------------+-------+-------+-------++-------
Melee: War axe           |    56 |   144 |   243 ||   443
Throw: Stone             |    12 |     4 |   102 ||   118
       Javelin           |    49 |    65 |    69 ||   183
 Abil: Device Recharging |       |       |     5 ||     5
Evoke: Wand              |       |     4 |    29 ||    33
  Use: Potion            |     4 |     6 |     6 ||    16
       Scroll            |     3 |     8 |     5 ||    16
 Stab: Invisible         |       |     1 |       ||     1
  Eat: Chunk             |     1 |     1 |    13 ||    15
       Bread ration      |       |     1 |     1 ||     2

Vault maps used:
D:1:      kilobyte_arrival_exit_the_forest, minmay_bisected
D:2:      fedhas_altar_1
D:3:      first_bread, portal_sewer_entry_f
D:4:      uniq_crazy_yiuf_cottage, uniq_natasha, uniq_iyjb
D:5:      nicolae_dithmenos_shadow_blocks, minmay_temple_entry_glassed_door,
          serial_bayou_pond_e
D:6:      nicolae_tso_carved_into_rock, minmay_misc_feat_iff, minivault_1,
          minmay_misc_feat_secret_circle
D:7:      grunt_qazlal_sundering
D:8:      minmay_lair_entry_lava, minmay_curled_crystal
